 Dungeon Crawl Stone Soup version 0.30-a0-748-ge6a52f7cba (webtiles) character file.

Game seed: 2090902607695653133

23 sanka the Gusty (level 2, -1/20 HPs)
             Began as a Demigod Air Elementalist on Feb 8, 2023.
             Slain by a hobgoblin (5 damage)
             ... on level 1 of the Dungeon.
             The game lasted 00:01:23 (790 turns).

sanka the Gusty (Demigod Air Elementalist)           Turns: 790, Time: 00:01:24

Health: -1/20      AC:  2    Str:  9    XL:     2   Next: 57%
Magic:  0/7        EV: 12    Int: 17    God:
Gold:   11         SH:  0    Dex: 14    Spells: 4/5 levels left

rFire   . . .      SeeInvis .    (no weapon)
rCold   . . .      Faith    .    (no shield)
rNeg    . . .      Spirit   .    a - +0 robe
rPois   .          Reflect  .    (no helmet)
rElec   .          Harm     .    (no cloak)
rCorr   .          Rampage  .    (no gloves)
Will    .....                    (no boots)
Stlth   ++                       (no amulet)
HPRegen 0.23/turn                (no ring)
MPRegen 0.10/turn                (no ring)

@: no status effects
A: high MP 1, forlorn, divine attributes
a: no special abilities


You were on level 1 of the Dungeon.
You visited 1 branch of the dungeon, and saw 1 of its levels.

You collected 11 gold pieces.


Innate Abilities, Weirdness & Mutations

You have an increased reservoir of magic. (+10% MP)
You shall have no god before yourself.
Your divine heritage dramatically boosts your attributes as you level up.


   Skills:
 - Level 1.7 Dodging
 - Level 1.7 Stealth
 - Level 2.0 Spellcasting
 + Level 1.6 Conjurations
 + Level 3.2 Air Magic


You had 4 spell levels left.
You knew the following spells:

 Your Spells              Type           Power      Damage    Failure   Level
z - Shock                 Conj/Air       40%        1d5       7%          1

Your spell library contained the following spells:

 Spells                   Type           Power      Damage    Failure   Level
 Static Discharge         Conj/Air       20%        2-3/arc   11%         2
 Swiftness                Air            12%        N/A       16%         3
 Airstrike                Air            6%         2d(1-17)  45%         4

Inventory:

Armour
 a - a +0 robe (worn)
Scrolls
 c - a scroll of fog {unknown}
 d - a scroll of noise {unknown}
 f - a scroll of silence {unknown}
Potions
 b - a potion of magic
 e - a potion of lignification {unknown}

Dungeon Overview and Level Annotations

Branches:
Dungeon (1/15)

▒.▒▒▒▒▒▒...†...
▒.▒▒........... ..J....
▒.▒▒........... .......
▒.▒▒........... .......
▒.▒▒........... .......
▒.▒▒........... .......
▒▒▒▒'▒▒...........
..!....
▒..........▒▒'▒▒▒▒
.......▒▒▒p.........▒▒.▒
........rg..........▒▒.▒
....▒▒▒▒▒▒.......▒▒▒▒▒.▒
. ▒.......▒▒ ▒.▒
▒........▒ ▒.▒
▒........▒▒▒▒.▒
▒.............▒
▒▒▒▒▒▒▒▒▒▒▒▒..▒ ▒..▒


You could see a quokka and a hobgoblin.


Message History

You hit the hobgoblin but do no damage.
The hobgoblin is almost dead.
The hobgoblin hits you.
* * * LOW HITPOINT WARNING * * *
The hobgoblin attacks as you move away! The hobgoblin hits you.
* * * LOW HITPOINT WARNING * * *
Aiming: Shock (safe; 7% risk of failure)
The zap misses the hobgoblin.
The zap hits the hobgoblin but does no damage.
The hobgoblin is almost dead.
The zap hits the quokka.
The quokka is heavily wounded.
The quokka twitches its whiskers.
The hobgoblin barely misses you.
You hit the hobgoblin but do no damage.
The hobgoblin is almost dead.
The hobgoblin barely misses you.
You hit the hobgoblin but do no damage.
The hobgoblin is almost dead.
The hobgoblin hits you.
* * * LOW HITPOINT WARNING * * *
You hit the hobgoblin but do no damage.
The hobgoblin is almost dead.
The hobgoblin hits you.
* * * LOW HITPOINT WARNING * * *
You hit the hobgoblin but do no damage.
The hobgoblin is almost dead.
The hobgoblin hits you.
You die...

Action                     || total
---------------------------++-------
  Melee: Unarmed           ||    30
         Punch             ||     1
   Cast: Shock             ||    51
 Armour: Robe              ||     4
  Dodge: Dodged            ||    17

Levels and vault maps discovered:
D:1:      lightli_arrival_windingriver, layout_basic, serial_park_tiny_1

Notes
Turn   | Place    | Note
-------+----------+-------------------------------------------
     0 | D:1      | sanka the Demigod Air Elementalist began the quest for the
                  | Orb.
     0 | D:1      | Reached XP level 1. HP: 14/14 MP: 5/5
    31 | D:1      | Reached skill level 1 in Conjurations
   112 | D:1      | Reached skill level 2 in Spellcasting
   442 | D:1      | Reached skill level 3 in Air Magic
   442 | D:1      | Reached XP level 2. HP: 20/20 MP: 4/7
   790 | D:1      | Slain by a hobgoblin

Vanquished Creatures
  A dart slug (D:1)
  3 bats (D:1)
  An endoplasm (D:1)
  A giant cockroach (D:1)
  A goblin (D:1)
  2 hobgoblins (D:1)
  3 jackals (D:1)
  2 ball pythons (D:1)
  3 frilled lizards (D:1)
  2 kobolds (D:1)
  2 rats (D:1)
21 creatures vanquished.
